 Dungeon Crawl Stone Soup version 0.28-a0-851-g8b9cc49 (webtiles) character file.

Game seed: 13696358141123378545

53 Meow the Chiller (level 3, -4/28 HPs)
             Began as a Naga Ice Elementalist on Nov 14, 2021.
             Slain by a centaur (5 damage)
             ... on level 4 of the Dungeon.
             The game lasted 00:05:29 (2182 turns).

Meow the Chiller (Naga Ice Elementalist)            Turns: 2182, Time: 00:05:29

Health: -4/28      AC:  2    Str: 10    XL:     3   Next: 87%
Magic:  7/7        EV:  9    Int: 16    God:
Gold:   131        SH:  0    Dex: 11    Spells: 1/8 levels left

rFire   . . .      SeeInvis +   (no weapon)
rCold   . . .      Faith    .   (no shield)
rNeg    . . .      Spirit   .   a - +0 robe
rPois   +          Reflect  .   (no helmet)
rElec   .          Harm     .   (no cloak)
rCorr   .          Rampage  .   (no gloves)
Will    .....                   (no barding)
Stlth   ++........              (no amulet)
HPRegen 0.09/turn               (no ring)
MPRegen 0.10/turn               (no ring)

@: very slow
A: AC +1, large, see invisible, deformed body, poison resistance, slowness 2,
spit poison 1, naga tail 1
a: Spit Poison


You were on level 4 of the Dungeon.
You visited 1 branch of the dungeon, and saw 4 of its levels.

You collected 131 gold pieces.

Inventory:

Missiles
 b - 112 stones (quivered)
 i - 5 atropa-tipped darts
Armour
 a - a +0 robe (worn)
 g - a +0 kite shield
Wands
 h - a wand of iceblast (9)
Scrolls
 d - a scroll of enchant armour {unknown}
 e - a scroll of magic mapping {unknown}
 f - a scroll of amnesia
 j - 5 scrolls of identify {unknown}
 k - a scroll of blinking {unknown}
 l - a scroll of teleportation {unknown}
Potions
 c - a potion of heal wounds {unknown}


   Skills:
 - Level 1.5 Dodging
 - Level 3.0 Stealth
 + Level 3.0 Spellcasting
 + Level 4.7 Ice Magic


You had one spell level left.
You knew the following spells:

 Your Spells              Type           Power      Damage    Failure   Level
a - Freeze                Ice            68%        1d8       2%          1
e - Ozocubu's Armour      Ice            17%        N/A       8%          3
f - Frozen Ramparts       Ice            34%        1d5       8%          3

Your spell library contained the following spells:

 Spells                   Type           Power      Damage    Failure   Level
 Hailstorm                Conj/Ice       10%        3d5       56%         4


Dungeon Overview and Level Annotations

Branches:
Dungeon (4/15)
 Temple: D:4-7

Altars:


Innate Abilities, Weirdness & Mutations

Your serpentine skin is tough. (AC +1)
You have supernaturally acute eyesight. (SInv)
Armour fits poorly on your strangely shaped body.
Your system is resistant to poisons. (rPois)
You cover ground very slowly.
You can spit poison.
You have a snake-like lower body.


Message History

Unknown command.
The endoplasm freezes you.
You are frozen.
Casting: Freeze (safe; 2% risk of failure)
Confirm with . or Enter, or press ? or * to list all spells.
Aiming: Freeze (safe; 2% risk of failure)
Press: ? - help, Shift-Dir - straight line, f/p - endoplasm
Aim: an endoplasm (lightly wounded)
You freeze the endoplasm.
The endoplasm is moderately wounded.
The endoplasm freezes you.
You are frozen.
Casting: Freeze (safe; 2% risk of failure)
Confirm with . or Enter, or press ? or * to list all spells.
Aiming: Freeze (safe; 2% risk of failure)
Press: ? - help, Shift-Dir - straight line, f/p - endoplasm
Aim: an endoplasm (moderately wounded)
You freeze the endoplasm!
You kill the endoplasm!
Unknown command.
You start resting.
You have got your breath back.
You start resting.
Magic restored.
You start resting.
HP restored.
A centaur comes into view.
The centaur shouts!
The centaur wields a +0 shortbow.
The centaur shoots an arrow.
The arrow hits you!
The centaur shoots an arrow.
The arrow barely misses you.
The centaur shoots an arrow.
The arrow closely misses you.
The centaur shoots an arrow.
The arrow hits you!
An adder skeleton comes into view.
The centaur unwields a +0 shortbow.
The centaur hits you.
* * * LOW HITPOINT WARNING * * *
The centaur kicks you.
* * * LOW HITPOINT WARNING * * *
You hit the centaur but do no damage. The centaur hits you.
You die...

.# .# .#
#Z# #.# #.#
########c##
#......@..#
#.........#
#.........#
#.........#
#<........#
#.........#
#.........#
########'##
#.......#


You could see a centaur and an adder skeleton.

Vanquished Creatures
  An adder (D:2)
  A worm (D:3)
  A dart slug (D:2)
  6 ball pythons
  2 bats (D:1)
  3 endoplasms
  A giant cockroach (D:2)
  2 goblins (D:1)
  3 hobgoblins
  4 quokkas
  4 frilled lizards
  8 kobolds
  4 rats
40 creatures vanquished.

Notes
Turn   | Place    | Note
-------+----------+-------------------------------------------
     0 | D:1      | Meow the Naga Ice Elementalist began the quest for the Orb.
     0 | D:1      | Reached XP level 1. HP: 15/15 MP: 3/3
   196 | D:1      | Reached XP level 2. HP: 22/22 MP: 3/5
   463 | D:1      | Found a faded altar of an unknown god.
   796 | D:2      | Reached XP level 3. HP: 28/28 MP: 6/6
   800 | D:2      | Learned a level 3 spell: Frozen Ramparts
   891 | D:2      | Learned a level 3 spell: Ozocubu's Armour
  2178 | D:4      | Noticed a centaur
  2181 | D:4      | HP: 1/28 [centaur (3)]
  2182 | D:4      | Slain by a centaur

Illustrated notes

Levels and vault maps discovered:
D:1:      amcnicky_arrival_choice, layout_loops_cross,
          ebering_ecumenical_altar_box
D:2:      layout_basic
D:3:      layout_loops_corners, chequers_avenue, minmay_strange_pillars
D:4:      layout_basic, grunt_ministairs_8

Skill      XL: |  1  2  3 |
---------------+----------+-----
Spellcasting   | 3 |  3.0
Dodging        | |  1.5
Stealth        | |  3.0
Ice Magic      | |  4.7

Action                   || total
-------------------------++-------
Melee: Unarmed           ||     1
Throw: Stone             ||     2
 Cast: Freeze            ||    18
 Abil: Spit Poison       ||    43
  Use: Scroll            ||     1
Armor: Robe              ||     3
Dodge: Dodged            ||     9

Table legend: (Time is in decaauts)
 A = Elapsed time spent in this place.
 B = Non-inter-level travel time spent in this place.
 C = Inter-level travel time spent in this place.
 D = Time resting spent in this place.
 E = Time spent auto-exploring this place.
 F = Levels seen in this place.
 G = Mean time per level.
                   A        B        C        D        E       F      G
               +--------+--------+--------+--------+--------+-----+--------+
         Total |   2851 |   2832 |     19 |    372 |   1702 |   4 |  712.8 |
       Dungeon |   2851 |   2832 |     19 |    372 |   1702 |   4 |  712.8 |
               +--------+--------+--------+--------+--------+-----+--------+

Top non-repeatable levels by time:
     D:2: 1094 daAuts
     D:1: 916 daAuts
     D:3: 725 daAuts
     D:4: 115 daAuts
